[Event "Titled Tuesday Blitz November 08 Early 2022"]
[White "Forgacs, Attila Jr."]
[Black "Ernst, Sipke"]
[WhiteFideId "773654"]
[BlackFideId "1004689"]
[WhiteElo "2168"]
[BlackElo "2436"]
[Result "0-1"]
[Round "05"]
[TimeControl "180+1"]
[Date "2022.11.09"]
[WhiteClock "0:00:02"]
[BlackClock "0:01:35"]

1. e4 e5 2. Nf3 Nc6 3. Bb5 a6 4. Ba4 Nf6 5. O-O Nxe4 6. d4 b5 7. Bb3 d5 8. dxe5 Be6 9. c3 Bc5 10. Qd3 O-O 11. Be3 Bxe3 12. Qxe3 f6 13. exf6 Qxf6 14. Nbd2 Nxd2 15. Qxd2 Kh8 16. Rae1 Rad8 17. Nd4 Bg8 18. Nxc6 Qxc6 19. Re7 Rfe8 20. Rfe1 Rxe7 21. Rxe7 Re8 22. Qe3 Rxe7 23. Qxe7 Qg6 24. h4 c6 25. Qe2 Qd6 26. Bc2 c5 27. Qe8 d4 28. cxd4 Qxd4 29. Bf5 h6 30. g3 Qd1+ 31. Kh2 Qf3 32. Bg6 Qxf2+ 33. Kh3 Qf1+ 34. Kh2 Qf6 35. h5 Qxb2+ 36. Kh3 Qxa2 37. Qc6 Qe6+ 38. Qxe6 Bxe6+ 39. Kg2 b4 40. Kf2 a5 41. Ke3 a4 42. Kd2 a3 43. Kc2 c4 44. Kb1 c3 45. Bc2 Bf7 46. g4 Be6 47. Bd1 Kg8 48. g5 hxg5 49. h6 gxh6 50. Ka1 Kg7 51. Bc2 Kf6 52. Bd3 Ke5 53. Bc2 h5 54. Bd1 h4 55. Bf3 h3 56. Bh1 g4 57. Bc6 g3 58. Bf3 c2 59. Be4 c1=Q+ 60. Bb1 Qc3# 0-1


[Site "https://www.chess.com"]

[Event "Titled Tuesday Blitz November 08 Early 2022"]
[White "Gabdrakhmanov, Azat"]
[Black "Sarkar, Justin"]
[WhiteFideId "34189197"]
[BlackFideId "2010011"]
[WhiteElo "2254"]
[BlackElo "2239"]
[Result "1-0"]
[Round "05"]
[TimeControl "180+1"]
[Date "2022.11.09"]
[WhiteClock "0:01:32"]
[BlackClock "0:00:01"]

1. e4 c5 2. Nf3 d6 3. d4 cxd4 4. Nxd4 Nf6 5. Nc3 a6 6. Be3 Ng4 7. Bc1 Nf6 8. f3 e5 9. Nb3 Be6 10. Be3 h5 11. Qd2 Nbd7 12. Nd5 Bxd5 13. exd5 Qc7 14. c4 Be7 15. Be2 a5 16. a4 b6 17. O-O Nc5 18. Nxc5 bxc5 19. Qe1 O-O 20. Bd2 g6 21. Bc3 Nd7 22. Bd3 f5 23. Ra3 Bf6 24. Rb3 Rfb8 25. Rb5 Rxb5 26. axb5 a4 27. Qa1 Nb6 28. Qc1 Rf8 29. Qh6 Qg7 30. Qxg7+ Kxg7 31. Ra1 Ra8 32. Ra3 Kf7 33. Kf2 Bd8 34. Ke3 Bc7 35. Ra1 Bd8 36. Ke2 Bc7 37. g4 hxg4 38. fxg4 e4 39. Bc2 Bd8 40. Rf1 Nxc4 41. gxf5 gxf5 42. Rxf5+ Ke8 43. Bxe4 a3 44. b3 Nb2 45. Rf1 Ba5 46. Bg7 1-0


[Site "https://www.chess.com"]

[Event "Titled Tuesday Blitz November 08 Early 2022"]
[White "Garrido, Denis"]
[Black "Hart, Braeden"]
[WhiteFideId "601217"]
[BlackFideId "30962587"]
[WhiteElo "2194"]
[BlackElo "2421"]
[Result "0-1"]
[Round "05"]
[TimeControl "180+1"]
[Date "2022.11.09"]
[WhiteClock "0:00:52"]
[BlackClock "0:02:02"]

1. e4 e5 2. Nf3 d5 3. exd5 e4 4. Qe2 Nf6 5. d3 Qxd5 6. Nbd2 Be7 7. dxe4 Qd8 8. b3 O-O 9. Bb2 c6 10. O-O-O b5 11. Kb1 a5 12. e5 Nd5 13. c4 Bf5+ 14. Ka1 a4 15. g4 Bc2 16. bxa4 Rxa4 17. Rc1 Rxa2+ 0-1


[Site "https://www.chess.com"]

[Event "Titled Tuesday Blitz November 08 Early 2022"]
[White "Gholami Orimi, Mahdi"]
[Black "Aradhya, Garg"]
[WhiteFideId "12558486"]
[BlackFideId "25006746"]
[WhiteElo "2330"]
[BlackElo "2223"]
[Result "1-0"]
[Round "05"]
[TimeControl "180+1"]
[Date "2022.11.08"]
[WhiteClock "0:00:18"]
[BlackClock "0:00:09"]

1. d4 d5 2. c4 c6 3. Nf3 Nf6 4. g3 g6 5. Bg2 Bg7 6. O-O dxc4 7. Qc2 O-O 8. Qxc4 b5 9. Qc3 Bf5 10. Ne5 Be4 11. f3 Bxb1 12. Rxb1 Nd5 13. Qd2 Nd7 14. f4 Nxe5 15. dxe5 Qb6+ 16. Kh1 Rfd8 17. e4 Nc7 18. Qe2 Qd4 19. Be3 Qd3 20. Qf2 Ne6 21. f5 Nf8 22. fxg6 Nxg6 23. Qxf7+ Kh8 24. Bg5 Rf8 25. Qe6 Rxf1+ 26. Rxf1 Rf8 27. Rxf8+ Bxf8 28. Qf5 Qb1+ 29. Bf1 Qxb2 30. e6 Bg7 31. h4 Qe5 32. h5 Qxf5 33. exf5 h6 34. Be3 Ne5 35. Bxa7 Bf6 36. Kg2 Kg7 37. Be2 Bg5 38. g4 Kf6 39. Bd4 Bf4 40. Kh3 Kg5 41. Bc5 Kf6 42. Bd4 Kg5 43. Bd1 Nd3 44. f6 exf6 45. e7 Bd6 46. e8=Q Nf4+ 47. Kh2 Ne2+ 48. Kg2 Nxd4 49. Qg6+ Kh4 50. Qxf6# 1-0


[Site "https://www.chess.com"]

[Event "Titled Tuesday Blitz November 08 Early 2022"]
[White "Gokerkan, Cem Kaan"]
[Black "Besedes, Danilo"]
[WhiteFideId "6336760"]
[BlackFideId "946796"]
[WhiteElo "2365"]
[BlackElo "2352"]
[Result "1/2-1/2"]
[Round "05"]
[TimeControl "180+1"]
[Date "2022.11.09"]
[WhiteClock "0:00:05"]
[BlackClock "0:00:34"]

1. e4 d6 2. d4 g6 3. Nc3 Bg7 4. Be3 c6 5. h4 h5 6. Qd2 d5 7. O-O-O dxe4 8. Nxe4 Nd7 9. Kb1 Ndf6 10. Ng5 Nh6 11. N1f3 Nd5 12. Bc4 Ng4 13. Bf4 Bf5 14. Bg3 O-O 15. Rhe1 a5 16. Bd3 Bxd3 17. Qxd3 b5 18. Ne5 Nxe5 19. Bxe5 Qd7 20. Bxg7 Kxg7 21. Nf3 f6 22. Nd2 a4 23. Ne4 Rfb8 24. Nc5 Qg4 25. f3 Qxh4 26. g4 hxg4 27. fxg4 Rh8 28. g5 Ra7 29. gxf6+ exf6 30. Rg1 g5 31. Ne6+ Kf7 32. Rde1 Re8 33. Qf5 Rae7 34. Nxg5+ Qxg5 35. Qh7+ Kf8 36. Qh8+ Kf7 37. Qh7+ Kf8 38. Qh8+ Kf7 39. Qh7+ 1/2-1/2


[Site "https://www.chess.com"]

[Event "Titled Tuesday Blitz November 08 Early 2022"]
[White "Goldin, Alexander"]
[Black "Zemlyanskii, Ivan"]
[WhiteFideId "2019540"]
[BlackFideId "24249971"]
[WhiteElo "2622"]
[BlackElo "2107"]
[Result "0-1"]
[Round "05"]
[TimeControl "180+1"]
[Date "2022.11.09"]
[WhiteClock "0:00:22"]
[BlackClock "0:00:05"]

1. Nf3 Nf6 2. d4 d5 3. c4 e6 4. Nc3 c6 5. cxd5 exd5 6. Bf4 Bf5 7. h3 Bd6 8. Bxd6 Qxd6 9. Qb3 Nbd7 10. Nh4 Be6 11. e3 O-O 12. Nf3 Bf5 13. Nh4 Bg6 14. Nxg6 hxg6 15. Be2 Rab8 16. O-O Rfe8 17. Rad1 Ne4 18. Bd3 Ndf6 19. Ne2 Re7 20. Qc2 Rbe8 21. a3 Qd7 22. Rfe1 Nd6 23. Ng3 Nfe4 24. Nf1 Nf5 25. f3 Ng5 26. Qf2 Qd6 27. Bc2 Ne6 28. g4 Nh6 29. Kg2 f5 30. gxf5 Nxf5 31. Bxf5 gxf5 32. f4 c5 33. Ng3 g6 34. dxc5 Nxc5 35. Qf3 Ne4 36. Nxe4 Rxe4 37. Rd3 d4 38. Red1 Qb6 39. Rxd4 Rxe3 40. Qd5+ Kg7 41. R1d2 Qa6 42. Qc4 Qf6 43. Rd7+ Kh6 44. Rf7 Qh4 0-1


[Site "https://www.chess.com"]

[Event "Titled Tuesday Blitz November 08 Early 2022"]
[White "Goltsev, Dmitry"]
[Black "Guliev, Logman"]
[WhiteFideId "24176710"]
[BlackFideId "13400061"]
[WhiteElo "2289"]
[BlackElo "2161"]
[Result "1-0"]
[Round "05"]
[TimeControl "180+1"]
[Date "2022.11.09"]
[WhiteClock "0:00:38"]
[BlackClock "0:00:01"]

1. e4 c5 2. Nf3 d6 3. d4 cxd4 4. Nxd4 Nf6 5. Nc3 Nc6 6. Be2 e5 7. Nb3 Be7 8. Be3 O-O 9. O-O Be6 10. f3 a5 11. Nd5 a4 12. Nc1 a3 13. b3 Bxd5 14. exd5 Nb8 15. c4 Nbd7 16. b4 b6 17. Nb3 Nh5 18. Qd2 h6 19. Rfd1 Bg5 20. Rac1 Bxe3+ 21. Qxe3 Nf4 22. Bf1 Qg5 23. Kh1 Rfc8 24. g3 Nh5 25. Qxg5 hxg5 26. Bh3 Nhf6 27. Rc3 Rc7 28. Rdc1 Rac8 29. Kg1 g6 30. Kf2 Kg7 31. Nd2 Rh8 32. Kg2 Ra8 33. Bxd7 Nxd7 34. Ne4 Ra4 35. Nxd6 Kf8 36. Rb3 f6 37. Ne4 Kg7 38. c5 bxc5 39. bxc5 f5 40. Nxg5 Kf6 41. Ne6 Rc8 42. Rb7 1-0


[Site "https://www.chess.com"]

[Event "Titled Tuesday Blitz November 08 Early 2022"]
[White "Goncalves, Davi Sulzbacher"]
[Black "Kozak, Antoni"]
[WhiteFideId "2154510"]
[BlackFideId "21832030"]
[WhiteElo "2182"]
[BlackElo "2447"]
[Result "0-1"]
[Round "05"]
[TimeControl "180+1"]
[Date "2022.11.09"]
[WhiteClock "0:00:02"]
[BlackClock "0:00:13"]

1. Nf3 Nf6 2. g3 c5 3. Bg2 Nc6 4. O-O e5 5. c4 d5 6. cxd5 Nxd5 7. Nc3 Be6 8. d3 Be7 9. Nd2 O-O 10. Nc4 Rc8 11. f4 exf4 12. gxf4 f5 13. Qb3 Nb6 14. Nxb6 Bxb3 15. Nxc8 Qxc8 16. axb3 Bf6 17. Be3 b6 18. Bd5+ Kh8 19. Bxc6 Qxc6 20. Rxa7 Re8 21. Bf2 Bxc3 22. bxc3 Rxe2 23. Re1 Rxe1+ 24. Bxe1 h6 25. Re7 Qd6 26. Re3 Qxf4 27. Bf2 Kh7 28. h3 Qb8 29. d4 cxd4 30. cxd4 Qa8 31. Kh2 Qa2 32. Kg2 g5 33. d5 Qd2 34. Re7+ Kg6 35. Re6+ Kh5 36. Rxb6 Qxd5+ 37. Kg1 Qf3 38. b4 Qxh3 39. b5 Kg4 40. Rc6 Qd3 41. b6 Qd1+ 42. Kh2 Qf3 43. Rc2 Qb3 44. Rd2 f4 45. Kg1 h5 46. Bd4 h4 47. Kf1 h3 48. Kg1 Kf5 49. Bf2 g4 50. Kf1 g3 51. Bg1 Kg4 52. Ke1 Qb1+ 53. Ke2 Qe4+ 54. Kd1 Qb1+ 55. Ke2 Qxg1 56. Kd3 Qe3+ 0-1


[Site "https://www.chess.com"]

[Event "Titled Tuesday Blitz November 08 Early 2022"]
[White "Gonzalez Vega, Alejandro"]
[Black "Ginzburg, Yakov"]
[WhiteFideId "3510042"]
[BlackFideId "4157176"]
[WhiteElo "2285"]
[BlackElo "2305"]
[Result "1/2-1/2"]
[Round "05"]
[TimeControl "180+1"]
[Date "2022.11.09"]
[WhiteClock "0:00:07"]
[BlackClock "0:00:08"]

1. e4 c5 2. Nf3 e6 3. c3 d5 4. exd5 exd5 5. d4 Nf6 6. h3 Be7 7. Bd3 O-O 8. O-O Nc6 9. Be3 Ne4 10. dxc5 Nxc5 11. Bc2 Ne6 12. Qd3 g6 13. Nbd2 b6 14. Nb3 a5 15. Rfd1 a4 16. Nbd4 Ncxd4 17. Nxd4 Ba6 18. Qd2 Nxd4 19. Bxd4 a3 20. b3 Rc8 21. Bd3 Bxd3 22. Qxd3 Bf6 23. Qf3 Bxd4 24. Rxd4 Qc7 25. Rd3 Rfd8 26. Rad1 d4 27. c4 Qe5 28. Qg4 h5 29. Qg3 Qe2 30. R3d2 Qe4 31. Qf3 Qe5 32. Qg3 Qf6 33. Qf3 Qe5 34. Qg3 Rc5 35. f4 Qe4 36. Qf3 Qxf3 37. gxf3 b5 38. Rxd4 Re8 39. R1d2 b4 40. Kf2 h4 41. Rd8 Kf8 42. Rxe8+ Kxe8 43. Rd5 Rc6 44. Rb5 Rd6 45. Ke2 Re6+ 46. Kd2 Rf6 47. Rxb4 Rxf4 48. Ke3 Rf5 49. Ra4 Re5+ 50. Kf2 Ke7 51. Rxa3 g5 52. Ra6 f5 53. a4 f4 54. Rb6 Re3 55. Rb5 Kf6 56. a5 Rc3 57. Rb6+ Kf5 58. Rb5+ Kf6 59. Ke2 Rc2+ 60. Kd3 Rf2 61. Ke4 Re2+ 62. Kd4 Rd2+ 63. Ke4 Re2+ 64. Kd4 Rd2+ 65. Ke4 Re2+ 1/2-1/2


[Site "https://www.chess.com"]

[Event "Titled Tuesday Blitz November 08 Early 2022"]
[White "Goroshkov, Maksym"]
[Black "Andrews, Todd"]
[WhiteFideId "14142716"]
[BlackFideId "2012456"]
[WhiteElo "2257"]
[BlackElo "2439"]
[Result "1-0"]
[Round "05"]
[TimeControl "180+1"]
[Date "2022.11.09"]
[WhiteClock "0:00:42"]
[BlackClock "0:00:13"]

1. e4 e6 2. d4 d5 3. exd5 exd5 4. c4 Bb4+ 5. Nc3 Nf6 6. Nf3 O-O 7. Be2 dxc4 8. Bxc4 Nbd7 9. O-O Nb6 10. Bb3 Re8 11. Bg5 c6 12. Ne5 Be6 13. Bxe6 Rxe6 14. Ng4 Be7 15. Ne3 h6 16. Bh4 Nfd5 17. Bxe7 Rxe7 18. Nexd5 Nxd5 19. Qb3 Nb6 20. Rad1 Rd7 21. Ne2 Qf6 22. Rd3 Rad8 23. Rfd1 Nd5 24. Rf3 Qe7 25. Nc3 Nf6 26. Rfd3 Rxd4 27. Rxd4 Rxd4 28. h3 Rxd1+ 29. Qxd1 c5 30. Qd2 a6 31. a4 Qd7 32. Qe3 Qd4 33. Qf3 Qd7 34. Qe3 g6 35. Qxc5 Kg7 36. Qe5 Qe6 37. Qd4 Kh7 38. g3 Nh5 39. Ne4 Qxh3 40. Qd5 Qe6 41. Qxb7 g5 42. Nc5 Qe1+ 43. Kg2 Qe8 44. Qxa6 Qe5 45. Qd3+ f5 46. Qd7+ Ng7 47. Qc6 g4 48. Nd3 Qe4+ 49. Qxe4 fxe4 50. Nc5 e3 51. fxe3 Nf5 52. Kf2 Nd6 53. b4 Kg6 54. a5 Nb5 55. Nb3 Kf5 56. Nd4+ Nxd4 57. exd4 1-0


[Site "https://www.chess.com"]

[Event "Titled Tuesday Blitz November 08 Early 2022"]
[White "Gritsenko, Nikolai"]
[Black "Todorovic, Bojan"]
[WhiteFideId "14112493"]
[BlackFideId "917087"]
[WhiteElo "2389"]
[BlackElo "2266"]
[Result "1-0"]
[Round "05"]
[TimeControl "180+1"]
[Date "2022.11.09"]
[WhiteClock "0:00:06"]
[BlackClock "0:00:19"]

1. d4 Nf6 2. Bg5 Ne4 3. h4 c5 4. dxc5 Qa5+ 5. Nd2 e6 6. c3 Nxd2 7. b4 Qc7 8. Qxd2 b6 9. cxb6 axb6 10. Nf3 Bb7 11. Bf4 d6 12. e3 e5 13. Bg3 Nd7 14. Bb5 Be7 15. O-O O-O 16. Bxd7 Qxd7 17. Nxe5 Qf5 18. Nd3 Qg4 19. Qd1 Qc4 20. Nf4 Qxc3 21. Qb3 Qxb3 22. axb3 d5 23. b5 Bf6 24. Rxa8 Rxa8 25. Rd1 Rd8 26. Ne2 Rc8 27. Nd4 Rc5 28. Ra1 g6 29. Ra7 Bc8 30. Nc6 Kg7 31. Rc7 Be6 32. Nd4 Bxd4 33. exd4 Rxb5 34. Be5+ Kf8 35. Rc3 Ra5 36. f3 Ra1+ 37. Kf2 Rb1 38. g4 h6 39. Kg3 Ke7 40. Rc7+ Kf8 41. Rc3 Ke7 42. Bg7 h5 43. gxh5 gxh5 44. Be5 f6 45. Bc7 b5 46. Ba5 Bd7 47. Bb4+ Ke6 48. Kf4 Rb2 49. Re3+ Kf7 50. Re7+ Kg6 51. Rxd7 Rxb3 52. Bc5 1-0


[Site "https://www.chess.com"]

[Event "Titled Tuesday Blitz November 08 Early 2022"]
[White "Gronnestad, Anita"]
[Black "Rosenberg, Evan S"]
[WhiteFideId "1502972"]
[BlackFideId "2019299"]
[WhiteElo "1939"]
[BlackElo "2374"]
[Result "0-1"]
[Round "05"]
[TimeControl "180+1"]
[Date "2022.11.09"]
[WhiteClock "0:00:47"]
[BlackClock "0:00:14"]

1. d4 d5 2. c4 e6 3. Nf3 c5 4. cxd5 exd5 5. Nc3 Nf6 6. Bg5 Be6 7. Bxf6 Qxf6 8. dxc5 Bxc5 9. Nxd5 Bxd5 10. Qxd5 Bb4+ 11. Nd2 O-O 12. O-O-O Rd8 13. Qb3 Nc6 14. e3 Qxf2 15. Nc4 b5 16. Bd3 bxc4 17. Bxc4 Rac8 18. Rhf1 Rxd1+ 19. Qxd1 Qxe3+ 20. Kb1 Ne5 21. Bxf7+ Nxf7 22. Rxf7 Qe4+ 23. Ka1 Kxf7 24. Qd7+ Be7 25. a3 Rc1+ 26. Ka2 Qc4+ 0-1


[Site "https://www.chess.com"]

[Event "Titled Tuesday Blitz November 08 Early 2022"]
[White "Grot, Blazej"]
[Black "Yurovskykh, Oleksandr"]
[WhiteFideId "21835845"]
[BlackFideId "14134020"]
[WhiteElo "1822"]
[BlackElo "2265"]
[Result "0-1"]
[Round "05"]
[TimeControl "180+1"]
[Date "2022.11.09"]
[WhiteClock "0:01:40"]
[BlackClock "0:01:58"]

1. e4 d5 2. exd5 Qxd5 3. Nc3 Qd8 4. d3 c5 5. Nf3 Nc6 6. g3 Bg4 7. Bg2 e6 8. O-O Nf6 9. Re1 Be7 10. Be3 O-O 11. Qd2 Nd4 12. Bxd4 cxd4 13. Ne4 Bxf3 14. Bxf3 Rc8 15. Nxf6+ Bxf6 16. b3 Rc3 17. Bxb7 Qc7 18. Be4 Rxc2 19. Rec1 Rc8 20. Rxc2 Qxc2 21. Qxc2 Rxc2 22. h4 Be7 23. a3 f5 24. Bg2 Rc3 25. Bf1 Rxb3 26. a4 Bb4 27. a5 Kf7 28. a6 Ke7 29. Kg2 Kd6 30. Kg1 Kc5 31. Kg2 Kb6 32. Re1 Bxe1 0-1


[Site "https://www.chess.com"]

[Event "Titled Tuesday Blitz November 08 Early 2022"]
[White "Gulevich, Artem"]
[Black "Pichot, Alan"]
[WhiteFideId "24119580"]
[BlackFideId "110973"]
[WhiteElo "2218"]
[BlackElo "2560"]
[Result "1-0"]
[Round "05"]
[TimeControl "180+1"]
[Date "2022.11.09"]
[WhiteClock "0:00:24"]
[BlackClock "0:00:16"]

1. Nf3 Nf6 2. b3 b6 3. Bb2 g6 4. e3 Bg7 5. Be2 O-O 6. O-O Bb7 7. d4 c5 8. Nbd2 cxd4 9. Nxd4 d5 10. c4 Nbd7 11. Rc1 Nc5 12. Rc2 Rc8 13. Qa1 Qd7 14. Rd1 Rfd8 15. Rcc1 Nfe4 16. Nxe4 Nxe4 17. Nb5 Bxb2 18. Qxb2 a6 19. Nc3 Nxc3 20. Qxc3 Qc7 21. Bf3 dxc4 22. Rxd8+ Rxd8 23. Bxb7 Qxb7 24. Qxc4 b5 25. Qc3 Qd5 26. g3 Qd2 27. a4 bxa4 28. bxa4 Qa2 29. Qc7 Re8 30. Qc6 Rd8 31. Qxa6 Rd2 32. Qc8+ Kg7 33. Qc3+ f6 34. Rf1 Rd5 35. Qb4 Re5 36. h4 h5 37. Qd4 Qa3 38. Ra1 Qb3 39. a5 Rd5 40. Qa4 Qb2 41. a6 Rd2 42. a7 Rxf2 43. a8=Q Qe2 44. Qa2 1-0


[Site "https://www.chess.com"]

[Event "Titled Tuesday Blitz November 08 Early 2022"]
[White "Harsha Bharathakoti"]
[Black "Firouzja, Alireza"]
[WhiteFideId "5078776"]
[BlackFideId "12573981"]
[WhiteElo "2523"]
[BlackElo "2903"]
[Result "1-0"]
[Round "05"]
[TimeControl "180+1"]
[Date "2022.11.08"]
[WhiteClock "0:00:08"]
[BlackClock "0:00:02"]

1. Nf3 c5 2. c4 g6 3. e4 Bg7 4. d4 cxd4 5. Nxd4 Nc6 6. Be3 Qb6 7. Nb3 Qd8 8. Nc3 Bxc3+ 9. bxc3 Nf6 10. f3 O-O 11. c5 b6 12. cxb6 axb6 13. c4 Ba6 14. Be2 d6 15. O-O Rc8 16. Rc1 Ne5 17. Qd4 Qc7 18. Qxb6 Qxb6 19. Bxb6 Bxc4 20. Bxc4 Nxc4 21. Bd4 e5 22. Bf2 d5 23. exd5 Nxd5 24. Bc5 Nce3 25. Bxf8 Rxf8 26. Rf2 Ra8 27. Nc5 Nf4 28. Rd2 Kg7 29. a4 Ra5 30. g3 Nh3+ 31. Kh1 Ng5 32. Rd3 Nf5 33. f4 exf4 34. gxf4 Ne6 35. Nxe6+ fxe6 36. Rc4 Kf6 37. Rb3 Rd5 38. Ra3 Ra5 39. Rb4 Nd6 40. Kg2 g5 41. Kf3 gxf4 42. Rxf4+ Ke7 43. Rh4 h5 44. Ke2 Nf5 45. Rb4 e5 46. Kd3 Nd6 47. Kc3 e4 48. Kd4 Ke6 49. Rb6 Rd5+ 50. Ke3 Ke5 51. Rb4 Nf5+ 52. Ke2 Nd4+ 53. Rxd4 Rxd4 54. a5 Rd7 55. a6 Ra7 56. Ke3 Kf5 57. Ra5+ Kg4 58. Kxe4 h4 59. Ra3 h3 60. Kd5 Rd7+ 61. Kc6 Ra7 62. Kb6 Ra8 63. a7 1-0


[Site "https://www.chess.com"]

[Event "Titled Tuesday Blitz November 08 Early 2022"]
[White "Hernandez Gonzalez, William"]
[Black "Begunov, Konstantin"]
[WhiteFideId "3509915"]
[BlackFideId "4118510"]
[WhiteElo "2374"]
[BlackElo "2140"]
[Result "1-0"]
[Round "05"]
[TimeControl "180+1"]
[Date "2022.11.09"]
[WhiteClock "0:01:11"]
[BlackClock "0:00:47"]

1. e4 c5 2. Nf3 d6 3. d4 cxd4 4. Nxd4 Nf6 5. Nc3 a6 6. Bg5 e6 7. f4 Qb6 8. Qd2 Nc6 9. Nb3 Be7 10. O-O-O Qc7 11. g4 b5 12. Bxf6 gxf6 13. Kb1 Bb7 14. Ne2 a5 15. Ng3 a4 16. Nd4 Nxd4 17. Qxd4 Bc6 18. Nh5 Qb7 19. Nxf6+ Bxf6 20. Qxf6 Rf8 21. Bd3 Bxe4 22. Rhe1 Bxd3 23. Rxd3 Kd7 24. f5 Rae8 25. Red1 d5 26. Qe5 Qc6 27. Qe2 Rc8 28. Rc3 Qd6 29. Qxb5+ Ke7 30. Qb7+ Kf6 31. Rxc8 Rxc8 32. Qxc8 a3 33. Qc3+ 1-0


[Site "https://www.chess.com"]

[Event "Titled Tuesday Blitz November 08 Early 2022"]
[White "Hernandez Jimenez, Alexander Andres"]
[Black "Jaskolka, Tomasz"]
[WhiteFideId "3900452"]
[BlackFideId "1170791"]
[WhiteElo "2098"]
[BlackElo "2126"]
[Result "1-0"]
[Round "05"]
[TimeControl "180+1"]
[Date "2022.11.09"]
[WhiteClock "0:00:23"]
[BlackClock "0:00:01"]

1. e4 e6 2. d4 d5 3. Nc3 Bb4 4. e5 Ne7 5. f4 c5 6. Nf3 Nbc6 7. a3 Ba5 8. Bd2 cxd4 9. Nb5 O-O 10. Bd3 f6 11. exf6 Rxf6 12. O-O a6 13. Nbxd4 Nxd4 14. Nxd4 Qb6 15. c3 Qxb2 16. Rb1 Qxa3 17. Rb3 Qc5 18. Qh5 g6 19. Qh4 Kg7 20. Be3 Qd6 21. Rf3 Bd7 22. Rh3 Rh8 23. Nf3 Nf5 24. Bxf5 exf5 25. Bd4 Bc6 26. Qh6+ Kf7 27. Ne5+ Ke6 28. Qg7 Re8 29. Nxc6 bxc6 30. Qxf6+ Kd7 31. Rb7+ Bc7 32. Rxh7+ Kc8 33. Rhxc7+ 1-0


[Site "https://www.chess.com"]

[Event "Titled Tuesday Blitz November 08 Early 2022"]
[White "Horobetz, Graham"]
[Black "Fiedorek, Michal"]
[WhiteFideId "2047322"]
[BlackFideId "1199528"]
[WhiteElo "2596"]
[BlackElo "2201"]
[Result "1/2-1/2"]
[Round "05"]
[TimeControl "180+1"]
[Date "2022.11.09"]
[WhiteClock "0:00:41"]
[BlackClock "0:00:17"]

1. e4 c6 2. d4 d5 3. Nc3 dxe4 4. Nxe4 Bf5 5. Ng3 Bg6 6. h4 h6 7. Nf3 Nd7 8. h5 Bh7 9. Bd3 Bxd3 10. Qxd3 e6 11. Bd2 Ngf6 12. O-O-O Be7 13. Ne4 Nxe4 14. Qxe4 Nf6 15. Qd3 c5 16. Qb5+ Qd7 17. Qxd7+ Nxd7 18. Be3 O-O 19. Ne5 Nxe5 20. dxe5 Rfd8 21. c4 Kf8 22. Kc2 Ke8 23. g4 Rxd1 24. Kxd1 Rd8+ 25. Ke2 a6 26. Rc1 Kd7 27. f4 Kc6 28. Kf3 b5 29. b3 b4 30. Ke4 a5 31. g5 hxg5 32. fxg5 Rh8 33. Rf1 Rxh5 34. Rxf7 Bxg5 35. Rxg7 Bxe3 36. Kxe3 Rxe5+ 37. Kd3 Re1 38. Ra7 Kb6 39. Re7 e5 40. Re6+ Kb7 41. Re7+ Kb6 42. Re6+ Kb7 43. Re7+ Kb6 1/2-1/2


[Site "https://www.chess.com"]

[Event "Titled Tuesday Blitz November 08 Early 2022"]
[White "Howell, David W L"]
[Black "Ladan, Nicholas"]
[WhiteFideId "410608"]
[BlackFideId "30918855"]
[WhiteElo "2567"]
[BlackElo "2167"]
[Result "1-0"]
[Round "05"]
[TimeControl "180+1"]
[Date "2022.11.09"]
[WhiteClock "0:00:52"]
[BlackClock "0:00:50"]

1. d4 d5 2. Bg5 Nf6 3. e3 Ne4 4. Bf4 g5 5. Be5 Rg8 6. Bd3 Nd7 7. Bxe4 dxe4 8. Bg3 Nf6 9. Nc3 Bg4 10. Nge2 Qd7 11. h3 Bh5 12. Qd2 O-O-O 13. O-O-O Nd5 14. Nxe4 Qa4 15. Kb1 Nb4 16. N2c3 Qa5 17. f3 e6 18. a3 Nd5 19. Nxd5 Qxd5 20. Nf6 1-0


[Site "https://www.chess.com"]

[Event "Titled Tuesday Blitz November 08 Early 2022"]
[White "Ibarra Jerez, Jose Carlos"]
[Black "Gabrielian, Artur"]
[WhiteFideId "2226332"]
[BlackFideId "4131002"]
[WhiteElo "2638"]
[BlackElo "2432"]
[Result "1-0"]
[Round "05"]
[TimeControl "180+1"]
[Date "2022.11.08"]
[WhiteClock "0:00:07"]
[BlackClock "0:00:02"]

1. Nf3 Nf6 2. g3 g6 3. b3 Bg7 4. Bb2 O-O 5. Bg2 d6 6. d4 b5 7. Qd3 a6 8. Nfd2 d5 9. e4 Bb7 10. e5 Nfd7 11. O-O c5 12. c3 e6 13. f4 Nc6 14. Nf3 b4 15. cxb4 Nxb4 16. Qd2 a5 17. Rc1 cxd4 18. Nxd4 Qb6 19. Nc3 Nc5 20. Bf1 Ne4 21. Na4 Qa7 22. Qe3 Rfc8 23. Re1 Bf8 24. a3 Nc2 25. Nxc2 Rxc2 26. Bd4 Qb8 27. Nb6 Bc6 28. Nxa8 Bxa8 29. Rec1 Rxc1 30. Qxc1 Qxb3 31. Rb1 Qa4 32. Qe3 Bc6 33. Rb8 Kg7 34. g4 Qd1 35. h3 Nd2 36. Qd3 Nf3+ 37. Kf2 Qxd3 38. Bxd3 Nxd4 39. Ke3 Bc5 40. Rc8 Bb6 41. Kd2 a4 42. Kc3 Nb3 43. Rxc6 Be3 44. Kb4 Bxf4 45. Kxa4 Nd4 46. Rc8 Bxe5 47. Kb4 Bd6+ 48. Kc3 e5 49. a4 Ne6 50. a5 e4 51. Bb5 Be5+ 52. Kb4 Bd6+ 53. Kc3 Be5+ 54. Kd2 Bf4+ 55. Kd1 Be3 56. a6 Nf4 57. Bc6 Nxh3 58. Rc7 Nf2+ 59. Ke1 Nxg4 60. Bxd5 Kh6 61. Rxf7 Kg5 62. Rxh7 Kf4 63. a7 Bf2+ 64. Ke2 Bxa7 65. Rxa7 Nf6 66. Bc6 g5 67. Rf7 Ke5 68. Re7+ Kf4 69. Re6 Kf5 70. Re7 Kf4 71. Bb7 g4 72. Rf7 Ke5 73. Ke3 g3 74. Rg7 Kf5 75. Rxg3 Ng4+ 76. Kd4 Kf4 77. Rg1 e3 78. Kd3 Nf2+ 79. Ke2 Ng4 80. Rf1+ Nf2 81. Bf3 Nh3 82. Bg2+ Nf2 83. Ra1 Kg3 84. Bf3 Kf4 85. Ra4+ Kg3 86. Kxe3 1-0


[Site "https://www.chess.com"]

[Event "Titled Tuesday Blitz November 08 Early 2022"]
[White "Iliaguev, Nisim"]
[Black "Tang, Andrew"]
[WhiteFideId "2817276"]
[BlackFideId "2059630"]
[WhiteElo "2244"]
[BlackElo "2581"]
[Result "0-1"]
[Round "05"]
[TimeControl "180+1"]
[Date "2022.11.09"]
[WhiteClock "0:00:16"]
[BlackClock "0:00:43"]

1. d4 d5 2. Nf3 Nf6 3. g3 e6 4. Bg2 Be7 5. O-O O-O 6. c4 dxc4 7. Ne5 Nc6 8. Nxc6 bxc6 9. Na3 Bxa3 10. bxa3 Ba6 11. a4 Rb8 12. Ba3 Nd5 13. Bxf8 Qxf8 14. Bxd5 cxd5 15. Qd2 h5 16. Rab1 Rb6 17. a5 Rc6 18. Rfc1 Kh7 19. Qb4 Qd8 20. h4 Qf6 21. Qa4 Rd6 22. Qc2+ g6 23. Qd2 Rd8 24. Rc3 Kg7 25. Rf3 Qe7 26. Qb4 Qxb4 27. Rxb4 c5 28. dxc5 d4 29. Kf1 Rd5 30. c6 Rc5 31. Rb7 Bxb7 32. cxb7 Rb5 33. a6 c3 34. Kg2 e5 35. a4 Rb1 36. e3 c2 0-1


[Site "https://www.chess.com"]

[Event "Titled Tuesday Blitz November 08 Early 2022"]
[White "Jeet, Jain"]
[Black "Bon, Michael"]
[WhiteFideId "5073022"]
[BlackFideId "620696"]
[WhiteElo "2067"]
[BlackElo "2315"]
[Result "1-0"]
[Round "05"]
[TimeControl "180+1"]
[Date "2022.11.09"]
[WhiteClock "0:00:38"]
[BlackClock "0:00:01"]

1. Nf3 d5 2. b3 g6 3. Bb2 Nf6 4. e3 Bg7 5. c4 c6 6. Be2 O-O 7. O-O e6 8. d4 Nbd7 9. Nc3 Re8 10. Ne5 Nxe5 11. dxe5 Nd7 12. f4 Qb6 13. Qd4 f6 14. Qxb6 axb6 15. exf6 Bxf6 16. a4 Nc5 17. Ra3 Ne4 18. Nxe4 Bxb2 19. Ra2 Bg7 20. Ng5 Bd7 21. h3 d4 22. exd4 Bxd4+ 23. Kh2 e5 24. fxe5 Bxe5+ 25. g3 Rf8 26. Rxf8+ Rxf8 27. Nf3 Bc3 28. Rc2 Bb4 29. Rc1 Re8 30. Bd1 Re3 31. Kg2 Bf5 32. Kf2 Bc5 33. Kg2 Be4 34. g4 Re1 35. Kg3 Bd6+ 36. Kf2 Rh1 37. Ke3 Bxf3 38. Kxf3 Rxh3+ 39. Ke4 Rg3 40. Bf3 Kf7 41. Rd1 Ke7 42. Rh1 h5 43. gxh5 gxh5 44. Rxh5 Rg7 45. Rh8 Kd7 46. Kd3 Kc7 47. Be4 1-0


[Site "https://www.chess.com"]